 Dungeon Crawl Stone Soup version 0.20-a0-345-gbfb25ec (webtiles) character file.

64 FitzyFitz the Skirmisher (level 3, -1/29 HPs)
             Began as a Mummy Abyssal Knight on Dec 22, 2016.
             Was a Believer of Lugonu.
             Slain by a frilled lizard (3 damage)
             ... on level 3 of the Dungeon.
             The game lasted 00:04:50 (1980 turns).

FitzyFitz the Skirmisher (Mummy Abyssal Knight)     Turns: 1980, Time: 00:04:51

Health: -1/29      AC:  6    Str: 15    XL:     3   Next: 91%
Magic:  4/4        EV:  9    Int: 12    God:    Lugonu [**....]
Gold:   208        SH:  0    Dex: 11    Spells: 2/2 levels left

rFire  x . .     SeeInvis .     a - +0 broad axe
rCold  + . .     Gourm    .     c - +0 scale mail
rNeg   + + +     Faith    .     (no shield)
rPois  ∞         Spirit   .     (no helmet)
rElec  .         Reflect  .     (no cloak)
rCorr  .         Harm     .     (no gloves)
MR     .....                    (no boots)
Stlth  ..........               (no amulet)
                                (no ring)
                                (no ring)

@: no status effects
A: no food or potions, fire vulnerability, cold resistance 1, negative energy
resistance 3, torment resistance, unbreathing
a: Depart the Abyss, Bend Space, Renounce Religion


You were on level 3 of the Dungeon.
You worshipped Lugonu.
Lugonu was pleased with you.
You were not hungry.

You visited 1 branch of the dungeon, and saw 3 of its levels.
You visited the Abyss 1 time.

You collected 208 gold pieces.

Inventory:

Hand Weapons
 a - a +0 broad axe (weapon)
 i - a +0 hunting sling
Missiles
 h - 40 stones (quivered)
 n - a throwing net
Armour
 b - a +0 leather armour
 c - a +0 scale mail (worn)
Wands
 d - a wand of polymorph (16/24)
Scrolls
 e - a scroll of recharging
 j - 2 scrolls of enchant weapon
 l - a scroll of remove curse


   Skills:
 - Level 3.0 Fighting
 + Level 2.9(3.1) Axes
   Level 1.5(2.4) Maces & Flails
 + Level 1.6 Armour
 - Level 0.7 Dodging
 - Level 1.5 Invocations


You had 2 spell levels left.
You didn't know any spells.

Dungeon Overview and Level Annotations

Branches:
Dungeon (3/15)

Altars:
Qazlal


Innate Abilities, Weirdness & Mutations

You do not eat or drink.
Your flesh is vulnerable to fire.
You are immune to poison.
Your flesh is cold resistant. (rC+)
You are immune to negative energy. (rN+++)
You are immune to unholy pain and torment.
You can survive without breathing.


Message History

You see here a scroll of remove curse.
You completely miss the frilled lizard. The frilled lizard closely misses you.
The frilled lizard misses you.
You closely miss the frilled lizard. The frilled lizard barely misses you.
You barely miss the frilled lizard. The frilled lizard closely misses you.
The frilled lizard bites you but does no damage.
You closely miss the quokka. You barely miss the frilled lizard.
The quokka bites you but does no damage.
The frilled lizard barely misses you.
Your scale mail prevents you from hitting the quokka.
You miss the frilled lizard. The quokka completely misses you.
The frilled lizard bites you but does no damage.
The quokka bites you but does no damage.
The frilled lizard barely misses you.
You hit the quokka.
The quokka is severely wounded.
You closely miss the frilled lizard. The quokka bites you.
* * * LOW HITPOINT WARNING * * *
The frilled lizard bites you.
You die...

,,*****,....,,,,* *,* *,* *
,,,,,,,,..#o,,,** *,* *,****
,******###,.,,**********,*
*,**,,
,,,,,,,,,+,,,,',,,,,,,,,,*
*,**,*
**********,,,,************
*,**,, *,,,,* ***** *,,,,,
*#+#** *,,.##********,
#######.#######.....,,,,,,,*,
#.......§§gl@r......,,,,,,,+,
#..(..o#######§.....,,,,,,,*,
#......# #.+,,,...,,,,,,,*,
#......# #.#,,,,##*********
#.....o# #.#,,..#
#......#####'#....#
#...........g.....#
#.............#####
#.............#


You could see a quokka, a goblin and a frilled lizard.

Vanquished Creatures
  An ooze (D:2)
  A worm (D:2)
  A leopard gecko (D:1)
  2 orcs (D:3)
  9 bats
  3 giant cockroaches
  4 hobgoblins
  3 jackals (D:1)
  5 kobolds
  5 frilled lizards
  7 goblins
  10 rats
51 creatures vanquished.

Notes
Turn   | Place    | Note
-------+----------+-------------------------------------------
     0 | Abyss:1  | FitzyFitz the Mummy Abyssal Knight began the quest for the Orb.
     0 | Abyss:1  | Reached XP level 1. HP: 18/18 MP: 2/2
    46 | Abyss:1  | Noticed a large abomination
    66 | Abyss:1  | Noticed a ynoxinul
   114 | Abyss:2  | Noticed a raiju
   114 | Abyss:2  | Noticed a raiju
   115 | D:1      | Escaped the Abyss
   617 | D:1      | Reached skill level 1 in Axes
   632 | D:1      | Reached * piety under Lugonu
   637 | D:1      | Reached XP level 2. HP: 17/24 MP: 3/3
  1243 | D:2      | Reached XP level 3. HP: 22/29 MP: 4/4
  1577 | D:2      | Reached ** piety under Lugonu
  1593 | D:2      | Found a stormy altar of Qazlal.
  1980 | D:3      | Slain by a frilled lizard

Vault maps used:
D:1:      minmay_arrival_three_doors, st_stairs_1
D:2:      old_standard_altar
D:3:      grunt_ministairs_11

Skill      XL: |  1  2 |
---------------+-------+-----
Axes           | 1 2 |  2.9
Fighting       | |  3.0
Maces & Flails | |  1.5
Armour         | |  1.6
Dodging        | |  0.7
Invocations    | |  1.5

Action                   || total
-------------------------++-------
Melee: Broad axe         ||   148
 Fire: Hunting sling     ||     4
Invok: Depart the Abyss  ||     1
  Use: Scroll            ||     8
Armor: Leather armour    ||    61
       Scale mail        ||    20
Dodge: Dodged            ||   135
